 Dungeon Crawl Stone Soup version 0.29.0-7-g18a832c13a (webtiles) character file.

Game seed: 13582425185566552962

191 Zeldest the Trooper (level 5, -7/42 HPs)
             Began as a Mummy Chaos Knight on Aug 30, 2022.
             Was an Initiate of Gozag.
             Mangled by a chaos spawn (10 damage)
             ... summoned by Xom
             ... on level 3 of the Dungeon.
             The game lasted 00:03:12 (3762 turns).

Zeldest the Trooper (Mummy Chaos Knight)            Turns: 3762, Time: 00:03:12

Health: -7/42      AC:  5    Str: 17      XL:     5   Next: 42%
Magic:  3/5        EV: 11    Int: 12      God:    Gozag
Gold:   179        SH:  0    Dex:  9 (11) Spells: 4/4 levels left

rFire   x . .      SeeInvis .   a - +0 hand axe (chaos)
rCold   + . .      Faith    .   (no shield)
rNeg    + + +      Spirit   .   b - +2 leather armour
rPois   ∞          Reflect  .   (no helmet)
rElec   .          Harm     .   (no cloak)
rCorr   .          Rampage  .   (no gloves)
Will    .....                   (no boots)
Stlth   +.........              (no amulet)
HPRegen 0.14/turn               (no ring)
MPRegen 0.09/turn               (no ring)

@: about to teleport, gold aura
A: cold resistance 1, negative energy resistance 3, torment resistance 2, heat
vulnerability 1, in touch with death 1, no potions
a: Renounce Religion, Potion Petition, Call Merchant, Bribe Branch


You were on level 3 of the Dungeon.
You worshipped Gozag.
Gozag was aware of your devotion.
You visited 1 branch of the dungeon, and saw 3 of its levels.

You collected 219 gold pieces.
You paid 40 gold pieces to Gozag.

Inventory:

Hand Weapons
 a - a +0 hand axe of chaos (weapon)
Armour
 b - a +2 leather armour (worn)
Scrolls
 d - a scroll of enchant weapon
 e - 2 scrolls of vulnerability
 f - a scroll of fog
 g - a scroll of fear
 h - 3 scrolls of teleportation
 i - a scroll of acquirement {unknown}
 j - a scroll of poison {unknown}
 k - a scroll of summoning {unknown}
 l - a scroll of torment {unknown}
 m - a scroll of identify
Miscellaneous
 c - a piece from Xom's chessboard (15/15) (quivered)


   Skills:
 + Level 4.3 Fighting
 * Level 3.1 Axes
 - Level 1.5 Armour
 - Level 0.7 Dodging
 - Level 2.8 Air Magic


You had 4 spell levels left.
You didn't know any spells.
Your spell library contained the following spells:

 Spells                   Type           Power      Damage    Failure   Level
 Summon Lightning Spire   Summ/Air       3%         N/A       92%         4
 Maxwell's Capacitive Co  Air            3%         ∞         100%        8
 Storm Form               Tmut/Air       Unusable   N/A       N/A         7

Dungeon Overview and Level Annotations

Branches:
Dungeon (3/15)

Altars:
Gozag
Kikubaaqudgha


Innate Abilities, Weirdness & Mutations

You are immune to poison.
Your flesh is cold resistant. (rC+)
You are immune to negative energy. (rN+++)
You are immune to unholy pain and torment.
You are vulnerable to heat. (rF-)
You are in touch with the powers of death.
You do not drink.


Message History

The quasit bites you but does no damage.
The quasit claws you.
The quasit claws you but does no damage.
The chaos spawn misses you. The quasit barely misses you. The quasit claws you.
The quasit completely misses you.
You hit the chaos spawn. You freeze the chaos spawn.
The chaos spawn is heavily wounded.
You barely miss the quasit. The quasit bites you.
You feel clumsy. The quasit claws you. x2
You feel clumsy. The chaos spawn hits you.
You are engulfed in flames!
The fire burns you terribly!
You are too injured to fight recklessly!
You are too injured to fight recklessly!
You are too injured to fight recklessly!
You are too injured to fight recklessly!
You are too injured to fight recklessly!
You are too injured to fight recklessly!
You are too injured to fight recklessly!
You are too injured to fight recklessly!
You are too injured to fight recklessly!
You are too injured to fight recklessly!
You are too injured to fight recklessly!
You are too injured to fight recklessly!
You are too injured to fight recklessly!
You are too injured to fight recklessly!
You are too injured to fight recklessly!
As you read the scroll of teleportation, it crumbles to dust.
You feel strangely unstable.
The quasit is distracted by your dazzling golden aura.
The crimson imp hits you. The chaos spawn hits you!
* * * LOW HITPOINT WARNING * * *
You feel your power leaking away.
The quasit gives a chilling moan.
The quasit attacks as you move away! The quasit closely misses you.
The quasit barely misses you. The quasit closely misses you.
The chaos spawn hits you!
You die...
Your body crumbles into a pile of gold.

#.# #.# #.# #># #.#
#######.########
...............#########
####.#.@######.#........
......4.5....#.#.#######
.###.#.5####.#.#)# #
#.......#.#.#
#...........#
#..#.#.##.###
#..........#
#.##...##..#
#.##.#..#..### ##


You could see a chaos spawn (summoned), a quasit (summoned) and a crimson imp
(summoned).

Vanquished Creatures
  An orc priest (D:3)
  7 adders
  A dart slug (D:1)
  6 orcs
  5 endoplasms
  5 giant cockroaches
  2 hobgoblins (D:2)
  9 jackals
  4 kobolds
  4 quokkas
  5 ball pythons
  7 bats
  5 frilled lizards
  6 goblins
  23 rats
90 creatures vanquished.

Vanquished Creatures (others)
  A kobold zombie (D:1)
1 creature vanquished.

Grand Total: 91 creatures vanquished

Notes
Turn   | Place    | Note
-------+----------+-------------------------------------------
     0 | D:1      | Zeldest the Mummy Chaos Knight began the quest for the Orb.
     0 | D:1      | Reached XP level 1. HP: 18/18 MP: 1/1
    64 | D:1      | XOM: silly message
   196 | D:1      | Reached XP level 2. HP: 19/24 MP: 2/2
   310 | D:1      | XOM: god gift: leather armour {god gift}
   432 | D:1      | XOM: scenery: 1 doors open, 1 doors close
   767 | D:1      | XOM: confuse monster(s)
   815 | D:1      | XOM: smoke on damage
   979 | D:1      | XOM: summons 2 hostile demons
  1032 | D:2      | XOM: noise
  1083 | D:2      | XOM: 7-stop teleportation journey
  1092 | D:2      | Reached skill level 1 in Air Magic
  1092 | D:2      | Gained mutation: You are in touch with the powers of death.
                  | [Mummy growth]
  1092 | D:2      | Reached XP level 3. HP: 2/29 MP: 3/3
  1094 | D:2      | HP: 1/29 [goblin/+0 dagger (1)]
  1475 | D:2      | XOM: 1-stop teleportation journey
  1896 | D:2      | Reached XP level 4. HP: 36/37 MP: 4/4
  1984 | D:2      | XOM: 4-stop teleportation journey
  2254 | D:3      | XOM: confuse monster(s)
  2263 | D:3      | XOM: silly message
  2492 | D:3      | Reached skill level 4 in Fighting
  2685 | D:3      | XOM: god gift: white potion {god gift}
  2853 | D:3      | XOM: 2-stop teleportation journey
  2895 | D:3      | Reached XP level 5. HP: 36/42 MP: 5/5
  3109 | D:3      | XOM: god gift: ring mail {god gift}
  3210 | D:3      | Found a faded altar of an unknown god.
  3262 | D:3      | Found an opulent altar of Gozag.
  3269 | D:3      | Found an ancient bone altar of Kikubaaqudgha.
  3280 | D:3      | Fell from the grace of Xom
  3280 | D:3      | Became a worshipper of Gozag Ym Sagoz the Greedy
  3755 | D:3      | XOM: summons 3 hostile demons
  3756 | D:3      | Noticed a chaos spawn
  3762 | D:3      | Mangled by a chaos spawn

Illustrated notes

Levels and vault maps discovered:
D:1:      saegor_arrival_simple_a, layout_basic, grunt_decor_clamped
D:2:      layout_basic, minmay_rat_hole
D:3:      minmay_razor_zed, layout_basic, grunt_temple_overflow_open,
          hellmonk_ecumenical_altar_leap_of_faith, nrook_loot_triangle

Skill      XL: |  1  2  3  4  5 |
---------------+----------------+-----
Air Magic      | 1 2 |  2.8
Fighting       | 4 |  4.3
Axes           | 3 |  3.1
Armour         | |  1.5
Dodging        | |  0.7

Action                   |  1- 3 |  4- 6 || total
-------------------------+-------+-------++-------
Melee: Hand axe          |   108 |   158 ||   266
       Punch             |       |     1 ||     1
  Use: Scroll            |     2 |     5 ||     7
 Stab: Petrified         |     8 |       ||     8
       Confused          |     1 |       ||     1
       Sleeping          |       |     1 ||     1
Armor: Leather armour    |    58 |    65 ||   123
Dodge: Dodged            |    61 |   105 ||   166
